 Dungeon Crawl Stone Soup version 0.28-a0-819-g6ef7baa362 (webtiles) character file.

Game seed: 17200732214401806199

239 cheechan the Grasshopper (level 6, 0/41 HPs)
             Began as an Octopode Warper on Nov 8, 2021.
             Slain by Grinder (5 damage)
             ... while paralysed by Grinder
             ... on level 4 of the Dungeon.
             The game lasted 00:08:50 (2680 turns).

cheechan the Grasshopper (Octopode Warper)          Turns: 2680, Time: 00:08:51

Health: 0/41       AC:  1    Str: 11    XL:     6   Next: 7%
Magic:  9/9        EV:  2    Int: 16    God:
Gold:   76         SH:  0    Dex: 12    Spells: 8/10 levels left

rFire   . . .      SeeInvis .   l - +3 short sword (venom)
rCold   . . .      Faith    .   (no shield)
rNeg    . . .      Spirit   .   (helmet restricted)
rPois   .          Reflect  .   (no amulet)
rElec   .          Harm     .   (no ring)
rCorr   .          Rampage  .   (no ring)
Will    .....                   (no ring)
Stlth   +++.......              (no ring)
HPRegen 0.13/turn               (no ring)
MPRegen 0.11/turn               (no ring)
                                (no ring)
                                (no ring)

@: paralysed
A: almost no armour, amphibious, 8 rings, camouflage 1, gelatinous body 1,
(nimble swimmer 1), tentacles
a: no special abilities


You were on level 4 of the Dungeon.
You visited 1 branch of the dungeon, and saw 4 of its levels.

You collected 76 gold pieces.

Inventory:

Hand Weapons
 a - a +0 hunting sling
 d - a +0 war axe
 l - a +3 short sword of venom (weapon)
Missiles
 c - 9 boomerangs of dispersal
 e - 12 poisoned darts (quivered)
 g - 12 arrows
 k - 17 sling bullets
Scrolls
 b - 2 scrolls of blinking
 j - a scroll of teleportation
 m - a scroll of amnesia {unknown}
Potions
 f - a potion of heal wounds {unknown}
 h - a potion of might {unknown}
 i - a potion of curing {unknown}


   Skills:
 + Level 2.8 Fighting
 + Level 3.7 Short Blades
 + Level 1.3 Throwing
 + Level 3.3 Dodging
 + Level 2.2 Stealth
 + Level 2.5 Spellcasting
 + Level 3.8 Translocations


You had 8 spell levels left.
You knew the following spells:

 Your Spells              Type           Power      Damage    Failure   Level
a - Blink                 Tloc           28%        N/A       6%          2

Your spell library contained the following spells:

 Spells                   Type           Power      Damage    Failure   Level
 Gell's Gravitas          Tloc           14%        N/A       12%         3
 Lesser Beckoning         Tloc           14%        N/A       12%         3
 Teleport Other           Tloc           14%        N/A       12%         3
 Manifold Assault         Tloc           14%        N/A       75%         5


Dungeon Overview and Level Annotations

Branches:
Dungeon (4/15)
 Temple: D:4-7

Altars:

Annotations:
D:4 Grinder, Menkaure


Innate Abilities, Weirdness & Mutations

You cannot wear most types of armour.
You are amphibious.
You can wear up to eight rings at the same time.
Your skin changes colour to match your surroundings (Stealth+).
Your rubbery body absorbs attacks. (AC +1, EV +1)
((You are camouflaged near water. (Stealth+)))
You have tentacles for arms and can constrict up to eight enemies at once.


Message History

The bullfrog is lightly wounded.
You constrict the bullfrog. The bullfrog hits you.
The bullfrog barely misses you.
You hit the bullfrog.
The bullfrog is moderately wounded.
You constrict the bullfrog. The bullfrog misses you.
You puncture the bullfrog!
The bullfrog is poisoned.
The bullfrog is severely wounded.
You constrict the bullfrog. The bullfrog closely misses you.
You puncture the bullfrog!
You kill the bullfrog!
Your Stealth skill increases to level 2!
You have reached level 6!
Your experience leads to an increase in your attributes!
Increase (S)trength, (I)ntelligence, or (D)exterity?
You feel stronger.
You barely miss the ogre. You squeeze the ogre, but do no damage.
The ogre closely misses you.
You barely miss the ogre. You squeeze the ogre!
The ogre is moderately wounded.
The ogre hits you with a +0 giant club!!
Ouch! That really hurt!
* * * LOW HITPOINT WARNING * * *
Really wriggle into that teleport trap?
You enter a teleport trap!
The teleport trap disappears.
Your surroundings suddenly seem different.
You start resting.
Grinder is nearby!
Grinder shouts!
Grinder gestures at you. You resist with significant effort.
Grinder gestures at you. You resist with significant effort.
Grinder says, "Don't move a muscle."
Grinder gestures at you.
You suddenly lose the ability to move!
Grinder hits you.
* * * LOW HITPOINT WARNING * * *
You writhe in agony.
You die...

##. .. ### .. ####..O
###. .... # #?.
#######...# #.#
##.......#..#
######.###.......###.(
#...>.5.#.........###.
#....@............##..
#$......#.........##..
#.......#.........##..
#.......#.........##.(
#.......#.........##..
#########........g##..
#........KZ.O.
............##<.
..##.........##.#


You could see Grinder.

Vanquished Creatures
  A bullfrog (D:4)
  2 hounds (D:3)
  A gnoll (D:3)
  3 adders
  A worm (D:3)
  A dart slug (D:1)
  An orc (D:3)
  5 endoplasms
  A giant cockroach (D:1)
  6 goblins
  4 hobgoblins
  11 jackals
  2 quokkas
  9 ball pythons
  7 bats
  6 frilled lizards
  9 kobolds
  4 rats
74 creatures vanquished.

Notes
Turn   | Place    | Note
-------+----------+-------------------------------------------
     0 | D:1      | cheechan the Octopode Warper began the quest for the Orb.
     0 | D:1      | Reached XP level 1. HP: 14/14 MP: 3/3
    51 | D:1      | You fall into a shaft and drop 1 floor!
    54 | D:2      | Reached XP level 2. HP: 13/19 MP: 5/5
    67 | D:2      | Learned a level 2 spell: Blink
   439 | D:2      | Reached XP level 3. HP: 24/24 MP: 6/6
   997 | D:1      | Reached XP level 4. HP: 29/29 MP: 7/7
  1558 | D:3      | Reached skill level 1 in Stealth
  1561 | D:3      | Reached XP level 5. HP: 30/35 MP: 8/8
  2360 | D:4      | Noticed an ogre
  2394 | D:4      | Noticed Menkaure
  2394 | D:4      | Noticed Grinder
  2665 | D:4      | Reached XP level 6. HP: 33/41 MP: 9/9
  2679 | D:4      | Paralysed by Grinder for 3 turns
  2680 | D:4      | Slain by Grinder

Illustrated notes

Levels and vault maps discovered:
D:1:      dpeg_arrival_water_fire, layout_rooms
D:2:      layout_rooms
D:3:      layout_basic, cheibrodos_gnoll_hut
D:4:      layout_rooms, uniq_menkaure, uniq_grinder

Skill      XL: |  1  2  3  4  5 |
---------------+----------------+-----
Short Blades   | 3 |  3.7
Dodging        | 3 |  3.3
Stealth        | 1 2 |  2.2
Fighting       | |  2.8
Throwing       | |  1.3
Spellcasting   | |  2.5
Translocations | |  3.8

Action                   |  1- 3 |  4- 6 || total
-------------------------+-------+-------++-------
Melee: Short sword       |    76 |    80 ||   156
       Constrict         |    20 |    14 ||    34
       Tentacles         |    11 |    12 ||    23
Throw: Dart              |     7 |     2 ||     9
 Cast: Blink             |       |    13 ||    13
  Use: Scroll            |     3 |     1 ||     4
 Stab: Sleeping          |     3 |     4 ||     7
Armor: Skin              |    13 |     4 ||    17
Dodge: Dodged            |    69 |    62 ||   131

Table legend: (Time is in decaauts)
 A = Elapsed time spent in this place.
 B = Non-inter-level travel time spent in this place.
 C = Inter-level travel time spent in this place.
 D = Time resting spent in this place.
 E = Time spent auto-exploring this place.
 F = Levels seen in this place.
 G = Mean time per level.
                   A        B        C        D        E       F      G
               +--------+--------+--------+--------+--------+-----+--------+
         Total |   2674 |   2674 |      0 |    556 |      0 |   4 |  668.5 |
       Dungeon |   2674 |   2674 |      0 |    556 |      0 |   4 |  668.5 |
               +--------+--------+--------+--------+--------+-----+--------+

Top non-repeatable levels by time:
     D:3: 1219 daAuts
     D:2: 864 daAuts
     D:1: 515 daAuts
     D:4: 76 daAuts
